 Dungeon Crawl Stone Soup version 0.22.1-1-ga44c0e5 (webtiles) character file.

97 Fang the Skirmisher (level 4, -4/30 HPs)
             Began as a Gargoyle Berserker on Oct 23, 2018.
             Was a Believer of Trog.
             Slain by a wight
             ... wielding a +0 war axe
              (8 damage)
             ... on level 2 of the Dungeon.
             The game lasted 00:02:53 (951 turns).

Fang the Skirmisher (Gargoyle Berserker)             Turns: 951, Time: 00:02:54

Health: -4/30      AC: 14    Str: 22    XL:     4   Next: 68%
Magic:  4/4        EV:  7    Int:  7    God:    Trog [**....]
Gold:   46         SH:  0    Dex:  9    Spells: 3/3 levels left

rFire    . . .     SeeInvis .   a - +0 hand axe
rCold    . . .     Gourm    .   (no shield)
rNeg     + . .     Faith    .   g - +0 plate armour
rPois    ∞         Spirit   .   (no helmet)
rElec    +         Reflect  .   (no cloak)
rCorr    .         Harm     .   (no gloves)
MR       .....                  (no boots)
Stlth    ..........             (no amulet)
HPRegen  0.10/turn              (no ring)
MPRegen  0.09/turn              (no ring)

@: berserk cooldown, slowed, very slow
A: negative energy resistance 1, electricity resistance, unbreathing,
petrification resistance, rot immunity, AC +3
a: Berserk, Trog's Hand, Renounce Religion


You were on level 2 of the Dungeon.
You worshipped Trog.
Trog was pleased with you.
You were very hungry.

You visited 1 branch of the dungeon, and saw 2 of its levels.

You collected 46 gold pieces.

Inventory:

Hand Weapons
 a - a +0 hand axe (weapon)
Armour
 g - a +0 plate armour (worn)
Scrolls
 d - 2 scrolls of magic mapping
 e - 2 scrolls of identify {unknown}
Potions
 f - a potion of curing {unknown}
Comestibles
 c - 3 rations


   Skills:
 + Level 4.4 Fighting
 + Level 3.6 Axes
 + Level 2.7 Armour
 + Level 1.9 Dodging


You had 3 spell levels left.
You didn't know any spells.
Your spell library was empty.

Dungeon Overview and Level Annotations

Branches:
Dungeon (2/15)

Altars:


Innate Abilities, Weirdness & Mutations

You are resistant to torment.
Your stone body is resilient. (AC +3)
You are immune to poison.
You resist negative energy. (rN+)
You are resistant to electric shocks. (rElec)
You can survive without breathing.
You are immune to petrification.
You are immune to rotting.


Message History

As you read the scroll labeled DOETZIE FAJOESM, it crumbles to dust.
You feel aware of your surroundings.
It was a scroll of magic mapping.
The wight hits you with a war axe.
* * * LOW HITPOINT WARNING * * *
The wight hits you with a battleaxe.
* * * LOW HITPOINT WARNING * * *
The wight hits you but does no damage.
Things that are here:
a hand axe; a robe; a hobgoblin corpse You see here a goblin corpse.
The wight hits you but does no damage. The wight closely misses you.
The wight hits you but does no damage. The wight hits you with a war axe.
* * * LOW HITPOINT WARNING * * *
The wight closely misses you. The wight hits you but does no damage.
The wight barely misses you. The wight barely misses you.
The wight hits you with a war axe!
You die...

#######..##(#.##.##
*,,,,*
#..##.####.#***,,,,**
#..##.#..#.#*,*,,,,,,
#.....#..#.#*,*,,,,,,
#..#<.#..#.#*.#,,,,,,
#..####..#.#*.#,****,
#..#.z...#.#*.#,* *,
#..#z##.##.##.#,# *,
#...@##.......#.# *,
##.#######†)$...# *,
#.........%....###*,
#*#######........#*,
#........',,
***##.......#**
***,,,......[..,,
*,,,,,......###**
*,,,,.......#


You could see 2 wights.

Vanquished Creatures
  A wight (D:2)
  An adder (D:2)
  An ooze (D:1)
  3 dart slugs (D:1)
  2 leopard geckos
  A giant cockroach (D:1)
  4 goblins
  5 hobgoblins
  7 kobolds (D:1)
  A quokka (D:2)
  4 bats
  2 frilled lizards (D:1)
  5 rats
37 creatures vanquished.

Notes
Turn   | Place    | Note
-------+----------+-------------------------------------------
     0 | D:1      | Fang the Gargoyle Berserker began the quest for the Orb.
     0 | D:1      | Reached XP level 1. HP: 14/14 MP: 1/1
   171 | D:1      | Reached XP level 2. HP: 13/19 MP: 2/2
   523 | D:1      | Reached ** piety under Trog
   532 | D:1      | Reached XP level 3. HP: 23/24 MP: 3/3
   724 | D:1      | Reached skill level 4 in Fighting
   923 | D:2      | Reached XP level 4. HP: 30/30 MP: 4/4
   951 | D:2      | Slain by a wight

Skill      XL: |  1  2  3 |
---------------+----------+-----
Axes           | 3 |  3.6
Fighting       | 4 |  4.4
Armour         | |  2.7
Dodging        | |  1.9

Action                   |  1- 3 |  4- 6 || total
-------------------------+-------+-------++-------
Melee: Hand axe          |   111 |     9 ||   120
Invok: Berserk           |     1 |       ||     1
  Use: Scroll            |       |     1 ||     1
Armor: Animal skin       |    31 |       ||    31
       Plate armour      |    30 |     9 ||    39
Dodge: Dodged            |    71 |     6 ||    77
